Unix NetHack Version 5.0.0-0 post-release - last build Jul 19 2026 19:10:59 (3aa4ab31751d3886436d94b585a96704892fd477,branch:main).

Game began 2026-07-20 18:40:08, ended 2026-07-20 18:59:27.

CheBegorr4h, neutral male human Tourist

                                            ---      --------              ---
                       ...............................@...))|         -- --..|
                        ------------------ ----------------.|        -.--....
                                                          |.|  --- --......-
                                                        - |.----.--........|
                                                        |.|.......<........|
                                                        |.#................|
                                                        |.|.............----
                                                        | |............--
                                                          |..........---
                                                          |.........--
                                                          |.--...----
                                                          |.||...-
                                                          |0||....
                                                             ----..
                                                                 ....
                                                                  |...
                                                                   -....
                                                                     ..-
                                                                     ---

CheBegorr4h the Sightseer   St:12 Dx:14 Co:17 In:13 Wi:7 Ch:15  Neutral
Dlvl:5  $:25 HP:0(47) Pw:16(16) AC:6  Xp:5 T:1802 

Latest messages:
 You see here 3 darts.
 t - 3 darts (36 in total).
 You fall into a pit!
 You are still in a pit.
 You are still in a pit.
 You are still in a pit.
 You are still in a pit.
 You crawl to the edge of the pit.
 You see here a plaid spellbook.
 p - a plaid spellbook.
 You descend the stairs.
 You hear a chugging sound.
 You hear a door open.
 Goruakha of Ogulu throws a crude dagger!
 A crude dagger misses you.
 In what direction? h
 The dart misses Goruakha of Ogulu.
 In what direction? h
 You kill Goruakha of Ogulu!
 a - a blessed +2 dart (at the ready) (26 in total).
 Rukogakh of Ogulu throws a crude dagger!
 A crude dagger misses you.
 a - a blessed +2 dart (at the ready) (27 in total).
 Rukogakh of Ogulu drinks a cloudy potion!
 Rukogakh of Ogulu is suddenly moving faster.
 What do you want to zap? [sC or ?*] ?
 In what direction? h
 Rukogakh of Ogulu vanishes!
 Ogzaoth of Ogulu vanishes!
 It hits!
 You hit it.
 It hits!
 You hit it.
 It hits!
 You kill it!
 You see here a hill orc corpse named Rukogakh of Ogulu.
 In what direction? h
 The dart misses.
 In what direction? h
 The dart hits it!
 You miss it.
 It hits!
 You miss it.
 It hits!
 You hit it.
 It hits!
 You hit it.
 It hits!
 You die...
 Do you want your possessions identified? [ynq] (y) q

Inventory:
 Coins    ('$')
  $ - 25 gold pieces
 Amulets  ('"')
  y - an uncursed amulet of flying
 Weapons  (')')
  a - 25 blessed +2 darts (at the ready)
  t - 36 +0 darts
  N - a poisoned +0 dart
  m - 10 cursed +0 shuriken
  q - a +0 orcish dagger
  W - a cursed +0 silver dagger (weapon in right hand)
 Armor    ('[')
  l - an uncursed +0 dwarvish iron helm (being worn)
  R - an uncursed +1 pair of iron shoes (being worn)
  b - an uncursed +0 dwarvish cloak
  Y - an uncursed +0 dwarvish cloak
  L - a cursed -1 dwarvish cloak (being worn)
  U - a cursed -1 dwarvish cloak
  i - an uncursed +0 Hawaiian shirt with a giant eel motif (being worn)
 Comestibles  ('%')
  k - 3 uncursed slime molds
  d - 7 uncursed food rations
  n - 2 cursed food rations
  c - 2 uncursed fortune cookies
  D - an uncursed lembas wafer
  X - an uncursed lichen corpse
 Scrolls  ('?')
  h - 4 uncursed scrolls of magic mapping
 Spellbooks  ('+')
  p - an uncursed spellbook of dig
 Potions  ('!')
  g - an uncursed potion of extra healing
  I - an uncursed potion of water named Unbc
 Wands    ('/')
  C - a wand of make invisible (0:6)
  s - a wand of striking (0:3)
 Tools    ('(')
  Q - a cursed bugle
  e - an uncursed credit card
  j - an expensive camera (0:95)
  z - an uncursed magic whistle
  K - a +0 pick-axe
  O - an uncursed skeleton key
  S - a cursed skeleton key
  V - an uncursed wax candle
 Gems/Stones  ('*')
  Z - an uncursed obsidian stone
  B - an uncursed worthless piece of black glass
  M - 2 uncursed worthless pieces of blue glass
  u - an uncursed worthless piece of orange glass
  v - 2 uncursed worthless pieces of red glass
  o - a cursed worthless piece of red glass
  f - 2 uncursed worthless pieces of yellow glass

CheBegorr4h the Tourist's attributes:

Background:
 You were a Sightseer, a level 5 male human Tourist.
 You were neutral, nominally on a mission for The Lady
 who was opposed by Blind Io (lawful) and Offler (chaotic).
 You were right-handed.
 You were in the Gnomish Mines, on level 5.
 You entered the dungeon 1802 turns ago.
 You had 305 experience points, 15 more were needed to attain level 6.

Basics:
 You had 0 out of 47 hit points.
 You had all 16 energy points (spell power).
 Your armor class was 6.
 Your wallet contained 25 zorkmids.
 Autopickup was on for '$!/(' plus thrown, with exceptions.

Final Characteristics:
 Your strength was 12 (limit:18/100).
 Your dexterity was 14 (limit:18).
 Your constitution was 17 (limit:18).
 Your intelligence was 13 (limit:18).
 Your wisdom was 7 (limit:18).
 Your charisma was 15 (limit:18).

Final Status:
 You weren't hungry.
 You were unencumbered.
 You were wielding a dagger.
 You had basic skill with dagger.

Final Attributes:
 You were devoutly aligned.
 Your items were somewhat protected from fire.
 Your items were somewhat protected from cold.
 You were warded.
 You are dead.

Miscellaneous:
 You didn't encounter any bones levels.
 Total elapsed playing time was 19 minutes and 19 seconds.

Major events:
 Turn
    1: CheBegorr4h the neutral male human Tourist entered the dungeon
  285: entered the Gnomish Mines
  302: attained the rank of Sightseer (level 3)
 1766: reached Mine Town
 1802: killed by an invisible hill orc called Ogzaoth of Ogulu

You didn't know any spells.

Skills:
 Fighting Skills
   bare handed combat [Unskilled]
   two weapon combat  [Unskilled]
   riding             [Unskilled]
 Weapon Skills
   dagger             [Basic]
   knife              [Unskilled]
   axe                [Unskilled]
   pick-axe           [Unskilled]
   short sword        [Unskilled]
   broadsword         [Unskilled]
   long sword         [Unskilled]
   two-handed sword   [Unskilled]
   saber              [Unskilled]
   mace               [Unskilled]
   morning star       [Unskilled]
   flail              [Unskilled]
   hammer             [Unskilled]
   quarterstaff       [Unskilled]
   polearms           [Unskilled]
   spear              [Unskilled]
   trident            [Unskilled]
   lance              [Unskilled]
   bow                [Unskilled]
   sling              [Unskilled]
   crossbow           [Unskilled]
   dart               [Basic]
   shuriken           [Unskilled]
   boomerang          [Unskilled]
   whip               [Unskilled]
   unicorn horn       [Unskilled]
 Spellcasting Skills
   divination spells  [Unskilled]
   enchantment spells [Unskilled]
   escape spells      [Unskilled]

Voluntary challenges:
 Character rerolling was not enabled.
 You followed a strict vegan diet.
 You were an atheist.
 You never genocided any monsters.
 You never polymorphed an object.
 You never changed form.
 You used no wishes.
Achievements:
 You entered the Gnomish Mines.
 You attained the rank of Sightseer.
 You entered a shop.
 You entered Minetown.

 The Dungeons of Doom: levels 1 to 3
    Level 1:
       A fountain.
    Level 2:
       A general store, some fountains.
       Stairs down to The Gnomish Mines.
    Level 3:
       A potion shop.
 The Gnomish Mines: levels 3 to 5
    Level 3:
    Level 4:
    Level 5: <- You were here.
       Final resting place for
          you, killed by an invisible hill orc called Ogzaoth of Ogulu.


Vanquished creatures:
 an imp
  2 gnome leaders
  a floating eye
  5 dwarves
  2 hill orcs
  a giant bat
  a hobbit
  3 manes
  a giant rat
  4 cave spiders
  a yellow mold
 18 gnomes
  a gnome zombie
  2 geckos
  3 jackals
  a goblin
  2 grid bugs
  a bat
  4 lichens
  2 kobold zombies
  4 newts
60 creatures vanquished.

No species were genocided or became extinct.

Game over:
                       ----------
                      /          \
                     /    REST    \
                    /      IN      \
                   /     PEACE      \
                  /                  \
                  |   CheBegorr4h    |
                  |      25 Au       |
                  |   killed by an   |
                  |  invisible hill  |
                  |    orc called    |
                  | Ogzaoth of Ogulu |
                  |       2026       |
                 *|     *  *  *      | *
        _________)/\\_//(\/(/\)/\//\/|_)_______

Aloha CheBegorr4h the Tourist...

You died in The Gnomish Mines on dungeon level 5 with 1470 points,
and 25 pieces of gold, after 1802 moves.
You were level 5 with a maximum of 47 hit points when you died.

